 Dungeon Crawl Stone Soup version 0.20.1-1-g8b1a95d (webtiles) character file.

2268 Monsterracer the Martial Artist (level 9, 0/72 HPs)
             Began as a Green Draconian Transmuter on Oct 16, 2017.
             Was a Believer of Ru.
             Slain by an unseen horror (12 damage)
             ... on level 7 of the Dungeon.
             The game lasted 00:13:40 (8492 turns).

Monsterracer the Martial Artist (DrTm)              Turns: 8492, Time: 00:13:41

Health: 0/72       AC:  5    Str: 14    XL:     9   Next: 16%
Magic:  10/12      EV: 20    Int: 16    God:    Ru [**....]
Gold:   98         SH:  0    Dex: 23    Spells: 2/12 levels left

rFire    . . .     SeeInvis .     - Unarmed
rCold    . . .     Gourm    .   (shield currently unavailable)
rNeg     . . .     Faith    +   (armour unavailable)
rPois    x         Spirit   .   (helmet currently unavailable)
rElec    .         Reflect  .   (cloak currently unavailable)
rCorr    .         Harm     .   (gloves currently unavailable)
MR       .....     Clarity  +   (boots currently unavailable)
Stlth    ++........             s - amulet of faith
Regen    0.3/turn               y - +3 ring of protection
MPRegen  0.2/turn               t - +3 ring of dexterity

@: about to teleport, short of breath, spider-form
A: (breathe noxious fumes), unfitting armour, agile 1, blurry vision 1, clarity,
strong 1, inability to use devices, AC +7
a: End Transformation, Renounce Religion


You were on level 7 of the Dungeon.
You worshipped Ru.
Ru was pleased with you.
You were not hungry.
You were a venomous arachnid creature.
You visited 2 branches of the dungeon, and saw 8 of its levels.

You collected 316 gold pieces.
You spent 218 gold pieces at shops.

Inventory:

Missiles
 a - 196 arrows
Armour
 r - a +0 pair of gloves (melded)
 w - the +2 cloak of the Dropbear (melded) {*Slow Int+5}
   (You bought it in a shop on level 6 of the Dungeon)

   It affects your intelligence (+5).
   It may slow you when you take damage.
Jewellery
 d - an uncursed ring of positive energy
 s - an amulet of faith (around neck)
 t - a +3 ring of dexterity (right front leg)
 u - a cursed amulet of inaccuracy {unknown}
 y - a +3 ring of protection (left front leg)
 z - an uncursed amulet of guardian spirit {unknown}
Scrolls
 i - a scroll of blinking
 k - 3 scrolls of teleportation
 l - 2 scrolls of remove curse
 A - a scroll of magic mapping
 B - 2 scrolls of summoning
Potions
 e - a potion of curing
 f - 2 potions of lignification {unknown}
 h - 2 potions of mutation
 j - a potion of might {unknown}
 m - 2 potions of resistance
 n - a potion of cancellation
 o - a potion of flight {unknown}
 p - 2 potions of ambrosia {unknown}
 q - a potion of haste {unknown}
 v - 2 potions of heal wounds {unknown}
Books
 b - a book of Changes

   Spells                             Type                      Level
   a - Beastly Appendage              Transmutation                1
   b - Sticks to Snakes               Transmutation                2
   c - Spider Form                    Transmutation/Poison         3
   d - Ice Form                       Ice/Transmutation            4
   e - Blade Hands                    Transmutation                5
Comestibles
 c - a bread ration
 g - 2 royal jellies
 x - a meat ration


   Skills:
 + Level 4.4 Fighting
 - Level 1.7 Dodging
 * Level 8.7 Unarmed Combat
 - Level 2.0 Spellcasting
 * Level 8.4 Transmutations


You had 2 spell levels left.
You knew the following spells:

 Your Spells              Type           Power        Failure   Level  Hunger
b - Sticks to Snakes      Tmut           ####....     4%          2    ###....
c - Spider Form           Tmut/Pois      ###.......   26%         3    ###....
d - Blade Hands           Tmut           ####......   36%         5    ######.


Dungeon Overview and Level Annotations

Branches:
Dungeon (7/15)             Temple (1/1) D:5

Altars:
Ashenzari
Cheibriados
Dithmenos
Elyvilon
Fedhas
Gozag
Hepliaklqana
Kikubaaqudgha
Makhleb
Nemelex Xobeh
Okawaru
Qazlal
Ru
Sif Muna
Trog
Uskayaw
Vehumet
Xom
Yredelemnul
The Shining One

Shops:
D:6 [


Innate Abilities, Weirdness & Mutations

((You can breathe blasts of noxious fumes.))
((Your lurid green scales are hard. (AC +7)))
You cannot fit into any form of body armour.
((Your system is resistant to poisons. (rPois)))
((You are cold-blooded and may be slowed by cold attacks.))
You cannot study or use magical devices.
You are agile. (Dex +2)
Scrolls take you a little longer to read.
You possess an exceptional clarity of mind.
Your muscles are strong. (Str +2)


Message History

The leopard gecko is stunned by your will and fails to attack.
Damage: -8%(-6hp) hp: 45%(32hp) Unknown command.
You bite the leopard gecko!
You kill the leopard gecko!
You redirect something's attack!
Something barely misses you. x2
You swing at nothing.
Something hits you!
* * * LOW HITPOINT WARNING * * *
Huge Dmg: -16%(-12hp) hp: 30%(21hp)
Something barely misses you.
You begin reading the scroll.
You continue reading the scroll.
Something hits you.
* * * LOW HITPOINT WARNING * * *
Something barely misses you.
As you read the scroll of teleportation, it crumbles to dust.
You feel strangely unstable.
Damage: -2%(-1hp) hp: 28%(20hp) Unknown command.
Unknown command.
Something closely misses you. Something hits you.
* * * LOW HITPOINT WARNING * * *
Damage: -6%(-4hp) hp: 24%(17hp) Unknown command.
You hit something. Something hits you.
* * * LOW HITPOINT WARNING * * *
Huge Dmg: -7%(-5hp) hp: 17%(12hp)
Something hits you!
You die...

.....#...............#....#
.....#.........#.....#....#
...............#.....#....#
....$..#...................
........................
...............[........
.........#.......... ...
.(........# ....... ...
.......s..###...........
........................
.....#..................
.....#†.................
#.......................
#.......................
................###.....
......(.........###.....
..............[..##.....


There were no monsters in sight!

Vanquished Creatures
  The ghost of raikaria the Cudgeler, a novice FoFi (D:6)
  Sigmund (D:2)
  A human (D:2)
  A water moccasin (D:6)
  An ice beast (D:6)
  An ogre (D:5)
  A sky beast (D:5)
  A black bear (D:7)
  A centaur (D:7)
  2 big kobolds (D:7)
  3 bullfrogs
  A scorpion (D:6)
  2 howler monkeys
  3 crimson imps
  An orc priest (D:3)
  2 bullfrog skeletons
  2 hounds (D:6)
  An iguana (D:5)
  Terence (D:2)
  4 worker ants
  4 orc wizards
  A hound skeleton (D:5)
  5 adders
  A shadow imp (D:5)
  An adder zombie (D:7)
  An adder skeleton (D:4)
  3 worms
  3 dart slugs
  5 leopard geckos
  15 orcs
  3 ball pythons
  3 bats (D:1)
  5 giant cockroaches
  13 goblins
  8 hobgoblins
  7 jackals
  31 kobolds
  3 quokkas
  5 frilled lizards
  A leopard gecko zombie (D:6)
  10 rats
159 creatures vanquished.

Vanquished Creatures (collateral kills)
  A shadow imp (D:7)
1 creature vanquished.

Vanquished Creatures (others)
  A centaur (D:7)
  Jessica (D:2)
  A worm (D:2)
  A giant cockroach (D:2)
4 creatures vanquished.

Grand Total: 164 creatures vanquished

Notes
Turn   | Place    | Note
-------+----------+-------------------------------------------
     0 | D:1      | Monsterracer the Draconian Transmuter began the quest for the Orb.
     0 | D:1      | Reached XP level 1. HP: 16/16 MP: 3/3
   124 | D:1      | Reached XP level 2. HP: 20/23 MP: 1/5
   181 | D:1      | Learned a level 2 spell: Sticks to Snakes
   841 | D:1      | Reached XP level 3. HP: 27/28 MP: 4/6
   851 | D:1      | Learned a level 3 spell: Spider Form
  1286 | D:2      | Noticed Sigmund
  1306 | D:2      | Killed Sigmund
  1306 | D:2      | Reached XP level 4. HP: 27/35 MP: 1/7
  1306 | D:2      | Reached XP level 5. HP: 31/40 MP: 1/8
  1612 | D:2      | Found a runed door.
  1612 | D:2      | Noticed a human
  1615 | D:2      | Found a basalt altar of Yredelemnul.
  1625 | D:2      | Noticed Terence
  1626 | D:2      | Noticed Jessica
  1647 | D:2      | Killed Terence
  1647 | D:2      | Reached skill level 5 in Unarmed Combat
  1656 | D:2      | Killed Jessica
  1683 | D:2      | Killed a human
  1683 | D:2      | Reached XP level 6. HP: 31/47 MP: 0/9
  1851 | D:2      | Reached skill level 5 in Transmutations
  2836 | D:3      | HP: 20/47 [orc/trident (4)]
  2841 | D:3      | HP: 19/47 [poisoned by an orc]
  2849 | D:3      | HP: 18/47 [poisoned by an orc]
  3084 | D:3      | Your scales start taking on a lurid green colour.
  3084 | D:3      | Reached XP level 7. HP: 45/52 MP: 6/10
  3084 | D:3      | Gained mutation: Your system is resistant to poisons. (rPois) [Green Draconian growth]
  3510 | D:5      | Entered Level 5 of the Dungeon
  3613 | D:5      | Found a staircase to the Ecumenical Temple.
  3631 | Temple   | Entered the Ecumenical Temple
  3821 | Temple   | Became a worshipper of Ru the Awakened
  5162 | D:5      | Learned a level 5 spell: Blade Hands
  5188 | D:5      | Gained mutation: Your magical capacity is low. (-10% MP) [mutagenic meat]
  5189 | D:5      | Gained mutation: You have a pair of small horns on your head. [mutagenic meat]
  5190 | D:5      | Gained mutation: Your spells are a little easier to cast, but a little less powerful. [mutagenic meat]
  5347 | D:5      | Found an ancient bone altar of Kikubaaqudgha.
  5625 | D:6      | Fell from the grace of Ru
  5723 | D:5      | HP: 20/56 [something/puff of frost (10)]
  5728 | D:5      | HP: 15/56 [something (1)]
  5729 | D:5      | Reached XP level 8. HP: 17/62 MP: 5/9
  5784 | Temple   | Became a worshipper of Ru the Awakened
  5868 | D:6      | Noticed raikaria's ghost (novice FoFi)
  6009 | D:5      | Gained mutation: You are dopey. (Int -2) [mutagenic glow]
  6041 | D:5      | Lost mutation: You are dopey. (Int -2) [potion of mutation]
  6041 | D:5      | Lost mutation: You have a pair of small horns on your head. [potion of mutation]
  6041 | D:5      | Lost mutation: Your magical capacity is low. (-10% MP) [potion of mutation]
  6041 | D:5      | Lost mutation: Your spells are a little easier to cast, but a little less powerful. [potion of mutation]
  6041 | D:5      | Gained mutation: You possess an exceptional clarity of mind. [potion of mutation]
  6041 | D:5      | Gained mutation: Your muscles are strong. (Str +2) [potion of mutation]
  6041 | D:5      | Gained mutation: You are agile. (Dex +2) [potion of mutation]
  6104 | D:5      | Gained mutation: Scrolls take you a little longer to read. [mutagenic glow]
  6371 | D:6      | Killed raikaria's ghost
  6529 | D:6      | Found Xito's Antique Armour Shoppe.
  6537 | D:6      | Bought a warped cloak for 218 gold pieces
  6542 | D:6      | Identified the +2 cloak of the Dropbear {*Slow Int+5} (You bought it in a shop on level 6 of the Dungeon)
  7491 | D:6      | Found a shattered altar of Ashenzari.
  7814 | D:7      | HP: 31/66 [something (6)]
  7819 | D:6      | HP: 22/66 [water moccasin (2)]
  8103 | D:7      | Reached XP level 9. HP: 59/71 MP: 9/12
  8120 | D:7      | Gained mutation: You cannot study or use magical devices. [Ru sacrifice]
  8120 | D:7      | Reached * piety under Ru
  8120 | D:7      | Reached ** piety under Ru
  8483 | D:7      | HP: 32/72 [something (6)]
  8488 | D:7      | HP: 20/72 [something (1)]
  8492 | D:7      | Slain by an unseen horror

Skill      XL: |  1  2  3  4  5  6  7  8 |
---------------+-------------------------+-----
Transmutations | 4 5 6 8 |  8.4
Unarmed Combat | 4 5 6 7 8 |  8.7
Fighting       | 2 4 |  4.4
Dodging        | |  1.7
Spellcasting   | |  2.0

Action                   |  1- 3 |  4- 6 |  7- 9 || total
-------------------------+-------+-------+-------++-------
Melee: Unarmed           |    97 |   125 |   249 ||   471
       Kick              |     2 |       |       ||     2
       Tailslap          |     9 |     3 |    21 ||    33
       Headbutt          |     1 |       |     1 ||     2
       Punch             |       |     1 |     5 ||     6
 Cast: Beastly Appendage |    14 |       |       ||    14
       Spider Form       |     3 |    10 |    16 ||    29
       Blade Hands       |       |       |     2 ||     2
Invok: Reject Sacrifices |       |       |     1 ||     1
       Renounce Religion |       |       |     1 ||     1
       Sacrifice Artific |       |       |     1 ||     1
 Abil: Breathe Noxious F |       |       |     6 ||     6
  Use: Scroll            |       |       |    13 ||    13
       Potion            |       |       |     1 ||     1
 Stab: Sleeping          |       |     1 |       ||     1
  Eat: Chunk             |     2 |     7 |    13 ||    22
       Bread ration      |       |       |     3 ||     3
Armor: Skin              |    18 |    24 |    70 ||   112
Dodge: Dodged            |    53 |    79 |   166 ||   298

Vault maps used:
D:1:      dpeg_arrival_tiny_a
D:2:      dk_yredelemnul_ordeal, uniq_terence, uniq_jessica, uniq_sigmund
D:4:      first_bread
D:5:      kiku_gazebo_pond_becter, temple_fountains
D:6:      serial_shops, shop, grunt_decor_resistance, ashenzari_altar_1
D:7:      kennysheep_kobold_camp, grunt_livestock, sigmund_army
Temple:   dpeg_five_rooms_temple
